 Dungeon Crawl Stone Soup version 0.31.0-32-g396128a36d (webtiles) character file.

Game seed: 145815557088330637

58 bnorton916 the Magician (level 3, -3/19 HPs)
             Began as a Deep Elf Fire Elementalist on Apr 10, 2024.
             Slain by Natasha (5 damage)
             ... on level 3 of the Dungeon.
             The game lasted 00:01:47 (2339 turns).

bnorton916 the Magician (DEFE)                      Turns: 2339, Time: 00:01:48

Health: -3/19      AC:  3    Str:  5    XL:     3   Next: 75%
Magic:  2/10       EV: 12    Int: 21    God:
Gold:   155        SH:  0    Dex: 15    Spells: 7/10 levels left

rFire   . . .        (no weapon)
rCold   . . .        (no shield)
rNeg    . . .        a - +0 robe
rPois   .            (no helmet)
rElec   .            k - +0 cloak
rCorr   .            (no gloves)
SInv    .            (no boots)
Will    .....        (no amulet)
Stlth   ++           (no ring)
HPRegen 0.23/turn    (no ring)
MPRegen 0.12/turn

%: no passive effects
@: no status effects
A: no striking features
a: no special abilities


You were on level 3 of the Dungeon.
You visited 1 branch of the dungeon, and saw 3 of its levels.

You collected 155 gold pieces.

Inventory:

Missiles
 n - 2 poisoned darts
Armour
 a - a +0 robe (worn)
 k - a +0 cloak (worn)
Scrolls
 e - a scroll of noise {unknown}
 g - 4 scrolls of fog {unknown}
 h - a scroll of identify {unknown}
 i - a scroll of teleportation {unknown}
 l - a scroll of poison {unknown}
 m - a scroll of immolation {unknown}
Potions
 b - a potion of magic
 c - 2 potions of heal wounds {unknown}
 d - a potion of might {unknown}
 f - a potion of haste {unknown}
 j - a potion of degeneration {unknown}


   Skills:
 - Level 2.4 Dodging
 - Level 2.4 Stealth
 + Level 4.1 Spellcasting
 + Level 2.4 Conjurations
 + Level 4.0 Fire Magic


You had 7 spell levels left.
You knew the following spells:

 Your Spells              Type           Power      Damage    Failure   Level
a - Foxfire               Conj/Fire      68%        2x1d7     3%          1
b - Scorch                Fire           42%        2d6       3%          2

Your spell library contained the following spells:

 Spells                   Type           Power      Damage    Failure   Level
 Inner Flame              Hex/Fire       12%        N/A       16%         3
 Volatile Blastmotes      Fire/Tloc      24%        2d12      16%         3
 Lesser Beckoning         Tloc           8%         N/A       19%         2
 Flame Wave               Conj/Fire      17%        2d7       30%         4
 Gell's Gravitas          Tloc           4%         N/A       34%         3
 Teleport Other           Tloc           4%         N/A       34%         3


Dungeon Overview and Level Annotations

Branches:
Dungeon (3/15)

Altars:

Shops:
D:1 :

Annotations:
D:3 Ijyb, Natasha


Message History

You see here 2 poisoned darts.
n - 2 poisoned darts
Casting: Foxfire (safe; 3% risk of failure)
Confirm with . or Enter, or press ? or * to list all spells.
You conjure some foxfire!
Natasha claws you but does no damage.
The foxfire hits Natasha.
Natasha is lightly wounded.
The foxfire hits Natasha.
Natasha is lightly wounded.
Natasha closely misses you.
Casting: Foxfire (safe; 3% risk of failure)
Confirm with . or Enter, or press ? or * to list all spells.
Flames lash Natasha.
Natasha is heavily wounded.
Natasha's fire resistance burns away.
Natasha barely misses you. Natasha barely misses you.
Unknown command.
Casting: Scorch (safe; 3% risk of failure)
Confirm with . or Enter, or press ? or * to list all spells.
Flames lash Natasha.
Natasha is heavily wounded.
Natasha claws you!
Natasha wildly gestures.
You feel troubled. Natasha closely misses you.
Unknown command.
Casting: Scorch (safe; 3% risk of failure)
Confirm with . or Enter, or press ? or * to list all spells.
Flames lash Natasha.
Natasha is burned terribly!
Natasha is severely wounded.
Natasha extends her claws.
Natasha casts a spell at you. You resist with some effort. Natasha claws you!
* * * LOW HITPOINT WARNING * * *
Casting: Scorch (safe; 3% risk of failure)
Confirm with . or Enter, or press ? or * to list all spells.
You conjure some foxfire!
Natasha claws you.
You die...
Natasha curls up and begins to purr.

.#.#####... #...#.#
#.# ##.. ...##.ยง..##
#..#.#.# .. #...
..)....... ...##...#
#.# #...
..###..##########...##
#... .#.<........##
#..### .#...
.............###..###
#.....
##...........?......#
###...
#....##....##..vh...#
#...
..########.##...@...#
#... .## #..#####v###
#... .# ##..##...#
#... ## ##....### #...
# ###.## #... # ###
##.. # ##. # ## #


You could see Natasha (combustible, ally target).

Vanquished Creatures
  An adder (D:3)
  A dart slug (D:2)
  A ball python (D:1)
  9 endoplasms
  2 giant cockroaches
  5 goblins
  4 hobgoblins
  4 quokkas
  3 bats
  3 frilled lizards
  3 kobolds
  3 rats
39 creatures vanquished.

Vanquished Creatures (others)
  216 foxfires
216 creatures vanquished.

Grand Total: 255 creatures vanquished

Notes
Turn   | Place    | Note
-------+----------+-------------------------------------------
     0 | D:1      | bnorton916 the Deep Elf Fire Elementalist began the quest
                  | for the Orb.
     0 | D:1      | Reached XP level 1. HP: 10/10 MP: 6/6
   370 | D:1      | Reached XP level 2. HP: 15/15 MP: 5/8
   713 | D:1      | Found Avamilix's Vocational Training.
   748 | D:1      | You fall into a shaft and drop 1 floor!
   801 | D:2      | Learned a level 2 spell: Scorch
  1190 | D:2      | Reached XP level 3. HP: 19/19 MP: 5/10
  2276 | D:3      | Noticed Ijyb
  2328 | D:3      | Noticed Natasha
  2339 | D:3      | Slain by Natasha

Illustrated notes

Levels and vault maps discovered:
D:1:      onia_arrival_pentagram, layout_basic,
          shapermc_ecumenical_altar_ellora, nicolae_shop_vocational
D:2:      layout_loops_ring
D:3:      layout_rooms, minmay_misc_feat_four_crosses, minmay_goblin_outpost,
          uniq_crazy_yiuf_cottage, uniq_ijyb, uniq_natasha, uniq_jessica

Skill      XL: |  1  2  3 |
---------------+----------+-----
Conjurations   | 2 |  2.4
Spellcasting   | 4 |  4.1
Fire Magic     | 4 |  4.0
Dodging        | |  2.4
Stealth        | |  2.4

Action                     || total
---------------------------++-------
   Cast: Foxfire           ||   131
         Scorch            ||     6
 Armour: Robe              ||     9
  Dodge: Dodged            ||    13
